 Dungeon Crawl Stone Soup version 0.28.0-53-g5a82cb258f (webtiles) character file.

Game seed: 14072201010531745987

814 Condegh the Conjurer (level 7, -6/51 HPs)
             Began as a Gnoll Conjurer on July 27, 2022.
             Was an Initiate of Vehumet.
             Mangled by a hornet (7 damage)
             ... on level 5 of the Dungeon.
             The game lasted 00:20:04 (4260 turns).

Condegh the Conjurer (Gnoll Conjurer)               Turns: 4260, Time: 00:20:05

Health: -6/51      AC:  2    Str:  7    XL:     7   Next: 93%
Magic:  10/15      EV: 14    Int: 19    God:    Vehumet [......]
Gold:   183        SH:  0    Dex: 16    Spells: 14/17 levels left

rFire   + . .      SeeInvis .   u - +12 short sword "Qaigy" {holy, rPois}
rCold   . . .      Faith    .   (no shield)
rNeg    . . .      Spirit   .   a - +0 robe
rPois   +          Reflect  .   (no helmet)
rElec   .          Harm     .   (no cloak)
rCorr   .          Rampage  .   (no gloves)
Will    .....                   (no boots)
Stlth   +++.......              (no amulet)
HPRegen 0.17/turn               j - +6 ring of dexterity
MPRegen 0.14/turn               l - ring of protection from fire

@: lethally poisoned (-6 -> -13)
A: fangs 1, strong nose, distributed training
a: Renounce Religion


You were on level 5 of the Dungeon.
You worshipped Vehumet.
Vehumet was noncommittal.
You visited 1 branch of the dungeon, and saw 5 of its levels.

You collected 183 gold pieces.

Inventory:

Hand Weapons
 f - a +0 dagger
 u - the +12 short sword "Qaigy" (weapon) {holy, rPois}
   (You found it on level 4 of the Dungeon)

   It has been blessed by the Shining One to cause great damage to the undead
   and demons.
   rPois:     It protects you from poison.
Armour
 a - a +0 robe (worn)
 d - an orb of mayhem
Magical Staves
 n - a staff of death
Jewellery
 g - a ring of ice
 j - a +6 ring of dexterity (left hand)
 l - a ring of protection from fire (right hand)
 t - a +6 ring of dexterity
Scrolls
 b - a scroll of enchant weapon {unknown}
 e - a scroll of fear {unknown}
 m - 2 scrolls of identify {unknown}
 s - a scroll of blinking {unknown}
Potions
 c - a potion of resistance {unknown}
 h - a potion of heal wounds {unknown}
 i - 2 potions of lignification {unknown}
 k - 2 potions of curing {unknown}
 o - a potion of brilliance {unknown}
 p - 2 potions of degeneration {unknown}
 q - a potion of mutation {unknown}
 r - a potion of might {unknown}


   Skills:
 + Level 2.8 Fighting
 + Level 2.8 Short Blades
 + Level 2.8 Long Blades
 + Level 2.8 Axes
 + Level 2.8 Maces & Flails
 + Level 2.8 Polearms
 + Level 2.8 Staves
 + Level 2.8 Slings
 + Level 2.8 Bows
 + Level 2.8 Crossbows
 + Level 2.8 Throwing
 + Level 2.8 Armour
 + Level 5.4 Dodging
 + Level 5.1 Stealth
 + Level 2.8 Shields
 + Level 2.8 Unarmed Combat
 + Level 5.8 Spellcasting
 + Level 7.5 Conjurations
 + Level 2.2 Hexes
 + Level 2.2 Summonings
 + Level 2.2 Necromancy
 + Level 2.2 Translocations
 + Level 2.2 Transmutations
 + Level 2.2 Fire Magic
 + Level 2.2 Ice Magic
 + Level 2.2 Air Magic
 + Level 2.2 Earth Magic
 + Level 2.2 Poison Magic
 + Level 3.1 Invocations
 + Level 2.8 Evocations


You had 14 spell levels left.
You knew the following spells:

 Your Spells              Type           Power      Damage    Failure   Level
a - Magic Dart            Conj           100%       1d8       1%          1
b - Searing Ray           Conj           68%        2d6       1%          2

Your spell library contained the following spells:

 Spells                   Type           Power      Damage    Failure   Level
 Dazzling Flash           Conj/Hex       48%        N/A       4%          3
 Fulminant Prism          Conj/Hex       12%        3d9       16%         4
 Iskenderun's Mystic Bla  Conj/Tloc      24%        2d7       16%         4
 Passage of Golubria      Tloc           14%        N/A       41%         4
 Silence                  Hex/Air        7%         N/A       77%         5
 Lehudib's Crystal Spear  Conj/Erth      12%        10d4      100%        8


Dungeon Overview and Level Annotations

Branches:
Dungeon (5/15)
 Temple: D:4-7

Altars:
Trog
Vehumet

Shops:
D:3 :


Innate Abilities, Weirdness & Mutations

You have very sharp teeth.
Your uncanny sense of smell can sniff out nearby items.
Your experience applies equally to all skills.


Message History

The iguana bites you.
You barely miss the iguana.
The iguana is heavily wounded.
The iguana bites you!
A hornet comes into view.
You hit the iguana.
The iguana is severely wounded.
The iguana bites you!
Casting: Magic Dart (safe; 1% risk of failure)
Confirm with . or Enter, or press ? or * to list all spells.
Aiming: Searing Ray (safe; 1% risk of failure)
Press: ? - help, Shift-Dir - straight line, f - iguana
Aim: an iguana (severely wounded, 83% to hit)
Okay, then.
You puncture the iguana!
You kill the iguana!
Vehumet accepts your kill.
Casting: Searing Ray (safe; 1% risk of failure)
Confirm with . or Enter, or press ? or * to list all spells.
Aiming: Searing Ray (safe; 1% risk of failure)
Press: ? - help, Shift-Dir - straight line, f - hornet
Aim: a hornet (71% to hit)
The searing ray hits the hornet!
The hornet is moderately wounded. (Press . to maintain the ray.)
The searing ray hits the hornet.
The hornet is moderately wounded.
The searing ray hits the hornet.
The hornet is heavily wounded.
The hornet stings you!
You are poisoned.
The searing ray hits the hornet but does no damage.
The hornet is heavily wounded.
You finish channelling your searing ray.
You feel very sick. The hornet barely misses you. The hornet stings you!
* * * LOW HITPOINT WARNING * * *
* * * LOW HITPOINT WARNING * * *
You feel sick. The hornet stings you!
You die...

### #.. .# #.# .# #.# .#
#.# .# ####.# ##### .#
###.##.# #...# .#
.....#.# ##.#.###.####.#
#......###......@y.....#
....<...................
#......###...####.######
##...#.#....#####.#
##.##...#........#
######...######## ##.##
#.# ∆ #.#


You could see a hornet.

Vanquished Creatures
  2 black bears (D:4)
  3 ogres (D:4)
  2 scorpions (D:4)
  A hound (D:3)
  An orc priest (D:4)
  A centaur skeleton (D:4)
  An iguana (D:5)
  2 orc wizards (D:4)
  A hound skeleton (D:4)
  2 adders
  An ufetubus (D:5)
  2 adder skeletons (D:4)
  3 orcs
  4 ball pythons
  5 bats
  8 endoplasms
  6 goblins
  7 hobgoblins
  3 jackals (D:4)
  3 kobolds (D:4)
  4 quokkas
  3 frilled lizards
  9 rats
74 creatures vanquished.

Notes
Turn   | Place    | Note
-------+----------+-------------------------------------------
     0 | D:1      | Condegh the Gnoll Conjurer began the quest for the Orb.
     0 | D:1      | Reached XP level 1. HP: 13/13 MP: 6/6
   245 | D:1      | Found a faded altar of an unknown god.
   276 | D:1      | Reached XP level 2. HP: 19/19 MP: 5/7
   864 | D:2      | Learned a level 2 spell: Searing Ray
   890 | D:2      | Reached skill level 5 in Spellcasting
   890 | D:2      | Reached XP level 3. HP: 25/25 MP: 3/9
  1153 | D:2      | Reached skill level 1 in Invocations
  1516 | D:3      | Reached skill level 1 in Fighting
  1516 | D:3      | Reached skill level 1 in Short Blades
  1516 | D:3      | Reached skill level 1 in Long Blades
  1516 | D:3      | Reached skill level 1 in Axes
  1516 | D:3      | Reached skill level 1 in Maces & Flails
  1516 | D:3      | Reached skill level 1 in Polearms
  1516 | D:3      | Reached skill level 1 in Staves
  1516 | D:3      | Reached skill level 1 in Slings
  1516 | D:3      | Reached skill level 1 in Bows
  1516 | D:3      | Reached skill level 1 in Crossbows
  1516 | D:3      | Reached skill level 1 in Throwing
  1516 | D:3      | Reached skill level 1 in Armour
  1516 | D:3      | Reached skill level 1 in Shields
  1516 | D:3      | Reached skill level 1 in Unarmed Combat
  1516 | D:3      | Reached skill level 1 in Evocations
  1516 | D:3      | Reached XP level 4. HP: 25/32 MP: 9/11
  1846 | D:3      | Found Dett's Book Shop.
  2369 | D:4      | Noticed an ogre
  2369 | D:4      | Found a radiant altar of Vehumet.
  2373 | D:4      | Killed an ogre
  2374 | D:4      | Reached skill level 1 in Hexes
  2374 | D:4      | Reached skill level 1 in Summonings
  2374 | D:4      | Reached skill level 1 in Necromancy
  2374 | D:4      | Reached skill level 1 in Translocations
  2374 | D:4      | Reached skill level 1 in Transmutations
  2374 | D:4      | Reached skill level 1 in Fire Magic
  2374 | D:4      | Reached skill level 1 in Ice Magic
  2374 | D:4      | Reached skill level 1 in Air Magic
  2374 | D:4      | Reached skill level 1 in Earth Magic
  2374 | D:4      | Reached skill level 1 in Poison Magic
  2374 | D:4      | Reached XP level 5. HP: 37/37 MP: 6/12
  2542 | D:4      | Reached XP level 6. HP: 41/44 MP: 7/13
  2852 | D:4      | Reached skill level 5 in Dodging
  3395 | D:4      | Reached XP level 7. HP: 50/50 MP: 8/15
  3618 | D:4      | Reached skill level 5 in Stealth
  3699 | D:4      | Found a bloodstained altar of Trog.
  3889 | D:4      | Became a worshipper of Vehumet
  4183 | D:4      | Identified the +12 short sword "Qaigy" {holy, rPois}
  4226 | D:5      | Entered Level 5 of the Dungeon
  4253 | D:5      | Noticed a hornet
  4259 | D:5      | HP: 2/51 [hornet (13)]
  4260 | D:5      | Mangled by a hornet

Illustrated notes

Levels and vault maps discovered:
D:1:      lemuel_arrival_tunnels, layout_loops_ring, basic_ecumenical_altar,
          kennysheep_doodads
D:2:      layout_basic
D:3:      layout_loops_ring, serial_shops, shop, kennysheep_small_spiral
D:4:      layout_gridville, trog_ov_bears_minmay, mainiacjoe_overflow_boulevard,
          minmay_misc_feat_encased
D:5:      layout_loops_ring, kennysheep_mini, mainiacjoe_overflow_catwalk,
          minmay_temple_entry_large_hall, ebering_dispersal_statue_hall

Skill      XL: |  1  2  3  4  5  6  7 |
---------------+----------------------+-----
Spellcasting   | 5 |  5.8
Invocations    | 1 2 3 |  3.1
Fighting       | 1 2 |  2.8
Short Blades   | 1 2 |  2.8
Long Blades    | 1 2 |  2.8
Axes           | 1 2 |  2.8
Maces & Flails | 1 2 |  2.8
Polearms       | 1 2 |  2.8
Staves         | 1 2 |  2.8
Slings         | 1 2 |  2.8
Bows           | 1 2 |  2.8
Crossbows      | 1 2 |  2.8
Throwing       | 1 2 |  2.8
Armour         | 1 2 |  2.8
Shields        | 1 2 |  2.8
Unarmed Combat | 1 2 |  2.8
Evocations     | 1 2 |  2.8
Hexes          | 1 2 |  2.2
Summonings     | 1 2 |  2.2
Necromancy     | 1 2 |  2.2
Translocations | 1 2 |  2.2
Transmutations | 1 2 |  2.2
Fire Magic     | 1 2 |  2.2
Ice Magic      | 1 2 |  2.2
Air Magic      | 1 2 |  2.2
Earth Magic    | 1 2 |  2.2
Poison Magic   | 1 2 |  2.2
Dodging        | 5 |  5.4
Stealth        | 5 |  5.1
Conjurations   | |  7.5

Action                   |  1- 3 |  4- 6 |  7- 9 || total
-------------------------+-------+-------+-------++-------
Melee: Dagger            |     1 |     5 |       ||     6
       Bite              |       |     1 |       ||     1
       Short sword       |       |       |     7 ||     7
 Cast: Magic Dart        |    36 |    41 |    31 ||   108
       Searing Ray       |     2 |     8 |     5 ||    15
 Stab: Sleeping          |     1 |       |     1 ||     2
Armor: Robe              |       |     4 |     2 ||     6
Dodge: Dodged            |     1 |    29 |    14 ||    44
